3AAA
BALBOA BUCCANEERS @ GRYFINDOR BRAVES
08/25/2017
 
TOP OF THE 1ST
Balboa Buccaneers batting - Pitching for Gryfindor Braves : LHP Floyd Oglethorpe
Pitching: LHP Floyd Oglethorpe
Batting: RHB William Hull 0-0: Bunted foul
0-1: Ball
1-1: Ball
2-1: Ball
3-1: Base on Balls
Batting: RHB Thomas Morris 0-0: Ball
1-0: Ball
2-0: Ball
3-0: Called Strike
3-1: Called Strike
3-2: Foul Ball, location: 2F
3-2: Foul Ball, location: 2F
3-2: SINGLE (Line Drive, 9S)
William Hull to second
Runner from 2nd tries for 3rd, SAFE, throw made to third
Batting: RHB Tom Tracy 0-0: Ball
1-0: Ball
2-0: Ball
3-0: Called Strike
3-1: Base on Balls
Thomas Morris to second
Batting: RHB César Garza 0-0: Foul Ball, location: 2F
0-1: Ball
1-1: Ball
2-1: Foul Ball, location: 2F
2-2: Strikes out swinging
Batting: LHB Bellchyor Lebrim 0-0: Ball
1-0: Swinging Strike
1-1: Swinging Strike
1-2: Foul Ball, location: 2F
1-2: Strikes out swinging
Batting: RHB Louie McNeil 0-0: Called Strike
0-1: Swinging Strike
0-2: Ball
1-2: Strikes out looking
Top of the 1st over - 0 run(s), 1 hit(s), 0 error(s), 3 left on base; Balboa 0 - Gryfindor 0
BOTTOM OF THE 1ST
Gryfindor Braves batting - Pitching for Balboa Buccaneers : LHP Ed Arnold
Pitching: LHP Ed Arnold
Batting: RHB Jim Unknown 0-0: Ball
1-0: Foul Ball, location: 2F
1-1: DOUBLE (Line Drive, 9M)
Batting: LHB Jim Unknown 0-0: Called Strike
0-1: Ball
1-1: Ball
2-1: Ball
3-1: Called Strike
3-2: Foul Ball, location: 2F
3-2: Ground out 4-3 (Groundball, 4)
Jim Unknown to third
Batting: RHB Jim Unknown 0-0: Called Strike
0-1: Ball
1-1: Reached on Error, E7 (Line Drive, 78S)
Jim Unknown scores
Batting: RHB Jim Unknown 0-0: Swinging Strike
0-1: Called Strike
0-2: Foul Ball, location: 2F
0-2: Ball
1-2: Strikes out swinging
Batting: RHB Kyle Wilson 0-0: Ball
1-0: Swinging Strike
1-1: Swinging Strike
Pickoff Throw to First - Error! E1
Jim Unknown to second
1-2: SINGLE (Line Drive, 56D)
Jim Unknown to third
Runner from 3rd tries for Home, SAFE, no throw or cutoff
Batting: RHB Manuel González 0-0: Called Strike
0-1: Ball
1-1: Swinging Strike
1-2: Ball
2-2: Ball
3-2: Base on Balls
Kyle Wilson to second
Batting: LHB Jim Unknown 0-0: SINGLE (Groundball, 6MD)
Kyle Wilson to third
Manuel González to second
Runner from 3rd tries for Home, SAFE, no throw or cutoff
Batting: RHB José Casarreal 0-0: SINGLE (Flyball, 8RS)
Manuel González to third
Jim Unknown to second
Runner from 3rd tries for Home, SAFE, no throw or cutoff
Batting: RHB Jim Unknown 0-0: Ball
1-0: Ball
2-0: Called Strike
2-1: Called Strike
2-2: Ball
3-2: SINGLE (Groundball, 34)
Jim Unknown to third
José Casarreal to second
Jim Unknown scores
José Casarreal to third
Batting: RHB Jim Unknown 0-0: Ball
1-0: Ball
2-0: Fly out, F4 (Popup, 4)
Bottom of the 1st over - 5 run(s), 5 hit(s), 2 error(s), 2 left on base; Balboa 0 - Gryfindor 5
TOP OF THE 2ND
Balboa Buccaneers batting - Pitching for Gryfindor Braves : LHP Floyd Oglethorpe
Batting: LHB Dudley Duncan 0-0: Called Strike
0-1: Foul Ball, location: 2F
0-2: Foul Ball, location: 2F
0-2: Ball
1-2: Strikes out swinging
Batting: RHB Aaron Holder 0-0: Called Strike
0-1: Ball
1-1: Ball
2-1: Swinging Strike
2-2: Strikes out swinging
Batting: RHB Matt Nelson 0-0: Called Strike
0-1: Ball
1-1: Foul Ball, location: 2F
1-2: Foul Ball, location: 2F
1-2: Strikes out swinging
Top of the 2nd over - 0 run(s), 0 hit(s), 0 error(s), 0 left on base; Balboa 0 - Gryfindor 5
BOTTOM OF THE 2ND
Gryfindor Braves batting - Pitching for Balboa Buccaneers : LHP Ed Arnold
Batting: LHB Jim Unknown 0-0: Called Strike
0-1: Foul Ball, location: 2F
0-2: Fly out, F9 (Flyball, 9M)
Batting: RHB Jim Unknown 0-0: Called Strike
0-1: Ball
1-1: Swinging Strike
1-2: Strikes out swinging
Batting: RHB Jim Unknown 0-0: Swinging Strike
0-1: Swinging Strike
0-2: Ball
1-2: Ball
2-2: Strikes out swinging
Bottom of the 2nd over - 0 run(s), 0 hit(s), 0 error(s), 0 left on base; Balboa 0 - Gryfindor 5
TOP OF THE 3RD
Balboa Buccaneers batting - Pitching for Gryfindor Braves : LHP Floyd Oglethorpe
Batting: RHB William Hull 0-0: Ball
1-0: Ball
2-0: SOLO HOME RUN (Flyball, 7D), Distance : 371 ft
Batting: RHB Thomas Morris 0-0: Called Strike
0-1: Swinging Strike
0-2: Ball
1-2: Strikes out looking
Batting: RHB Tom Tracy 0-0: Ball
1-0: Called Strike
1-1: Ground out 6-3 (Groundball, 6M)
Batting: RHB César Garza 0-0: Ball
1-0: SINGLE (Line Drive, 8LS)
Batting: LHB Bellchyor Lebrim 0-0: Called Strike
0-1: Ball
1-1: Ball
2-1: Called Strike
2-2: Strikes out swinging
Top of the 3rd over - 1 run(s), 2 hit(s), 0 error(s), 1 left on base; Balboa 1 - Gryfindor 5
BOTTOM OF THE 3RD
Gryfindor Braves batting - Pitching for Balboa Buccaneers : LHP Ed Arnold
Batting: RHB Kyle Wilson 0-0: Ball
1-0: Ball
2-0: Swinging Strike
2-1: Ball
3-1: Fly out, F8 (Flyball, 8LD)
Batting: RHB Manuel González 0-0: Called Strike
0-1: Foul Ball, location: 2F
0-2: Foul Ball, location: 2F
0-2: Ball
1-2: Foul Ball, location: 2F
1-2: Fly out, F3 (Popup, 3SF)
Batting: LHB Jim Unknown 0-0: Ground out 6-3 (Groundball, 6MS)
Bottom of the 3rd over - 0 run(s), 0 hit(s), 0 error(s), 0 left on base; Balboa 1 - Gryfindor 5
TOP OF THE 4TH
Balboa Buccaneers batting - Pitching for Gryfindor Braves : LHP Floyd Oglethorpe
Batting: RHB Louie McNeil 0-0: Ball
1-0: SINGLE (Groundball, 5L)
Batting: LHB Dudley Duncan 0-0: Foul Ball, location: 2F
0-1: DOUBLE (Line Drive, 89D)
Louie McNeil to third
Batting: RHB Aaron Holder 0-0: Called Strike
0-1: Foul Ball, location: 2F
0-2: Strikes out looking
Batting: RHB Matt Nelson 0-0: Called Strike
0-1: Ball
1-1: Ball
2-1: Foul Ball, location: 2F
2-2: Ground out 4-3 (Groundball, 4M)
Louie McNeil scores
Dudley Duncan to third
Batting: RHB William Hull 0-0: Called Strike
0-1: SINGLE (Groundball, 6D)
Dudley Duncan scores
Batting: RHB Thomas Morris 0-0: Called Strike
0-1: Called Strike
0-2: Ball
1-2: Strikes out swinging
Top of the 4th over - 2 run(s), 3 hit(s), 0 error(s), 1 left on base; Balboa 3 - Gryfindor 5
BOTTOM OF THE 4TH
Gryfindor Braves batting - Pitching for Balboa Buccaneers : LHP Ed Arnold
Batting: RHB José Casarreal 0-0: Ball
1-0: Ball
2-0: Swinging Strike
2-1: Called Strike
2-2: Foul Ball, location: 2F
2-2: Foul Ball, location: 2F
2-2: Ball
3-2: Ground out 4-3 (Groundball, 4)
Batting: RHB Jim Unknown 0-0: Fly out, F8 (Flyball, 8LD)
Batting: RHB Jim Unknown 0-0: Swinging Strike
0-1: SINGLE (Line Drive, 4MD)
Batting: LHB Jim Unknown 0-0: Ball
Wild Pitch!
Jim Unknown to second
1-0: Called Strike
1-1: Fly out, F8 (Flyball, 8RM)
Bottom of the 4th over - 0 run(s), 1 hit(s), 0 error(s), 1 left on base; Balboa 3 - Gryfindor 5
TOP OF THE 5TH
Balboa Buccaneers batting - Pitching for Gryfindor Braves : LHP Floyd Oglethorpe
Batting: RHB Tom Tracy 0-0: Ball
1-0: Foul Ball, location: 2F
1-1: Fly out, F8 (Line Drive, 8LM)
Batting: RHB César Garza 0-0: SINGLE (Groundball, 56D)
Batting: LHB Bellchyor Lebrim 0-0: Ball
1-0: Ball
2-0: Ball
3-0: Called Strike
3-1: 2-RUN HOME RUN (Flyball, 8RXD), Distance : 443 ft
Pitching: RHP Mike Pinhey
Batting: RHB Louie McNeil 0-0: SINGLE (Groundball, 4MD)
Batting: LHB Dudley Duncan 0-0: DOUBLE (Flyball, 78M)
Louie McNeil to third
Batting: RHB Aaron Holder 0-0: Ball
1-0: Ball
2-0: SINGLE (Flyball, 89S)
Louie McNeil scores
Dudley Duncan to third
Batting: RHB Matt Nelson 0-0: Ball
1-0: Called Strike
1-1: Swinging Strike
1-2: Ball
2-2: Strikes out swinging
Batting: RHB William Hull 0-0: Ball
1-0: Called Strike
1-1: Ball
2-1: Foul Ball, location: 2F
2-2: TRIPLE (Line Drive, 8RXD)
Dudley Duncan scores
Aaron Holder scores
Pitching: LHP Dusty Mueller
Batting: RHB Thomas Morris 0-0: Ball
1-0: Ball
2-0: Foul Ball, location: 2F
2-1: Ball
3-1: Foul Ball, location: 2F
3-2: Foul Ball, location: 2F
3-2: Ground out 5-3 (Groundball, 5L)
Top of the 5th over - 5 run(s), 6 hit(s), 0 error(s), 1 left on base; Balboa 8 - Gryfindor 5
BOTTOM OF THE 5TH
Gryfindor Braves batting - Pitching for Balboa Buccaneers : LHP Ed Arnold
Batting: RHB Jim Unknown 0-0: Swinging Strike
0-1: Ball
1-1: Fly out, F9 (Flyball, 89D)
Batting: RHB Jim Unknown 0-0: Ball
1-0: Ground out 4-3 (Groundball, 4)
Batting: RHB Kyle Wilson 0-0: Ball
1-0: SINGLE (Groundball, 4D)
Batting: RHB Manuel González 0-0: Called Strike
0-1: Ball
1-1: Ball
2-1: DOUBLE (Line Drive, 9LM)
Kyle Wilson to third
Batting: LHB Jim Unknown 0-0: Ball
1-0: Swinging Strike
1-1: Ball
2-1: Ball
3-1: Foul Ball, location: 2F
3-2: Foul Ball, location: 2F
3-2: Strikes out looking
Bottom of the 5th over - 0 run(s), 2 hit(s), 0 error(s), 2 left on base; Balboa 8 - Gryfindor 5
TOP OF THE 6TH
Balboa Buccaneers batting - Pitching for Gryfindor Braves : LHP Dusty Mueller
Batting: RHB Tom Tracy 0-0: Ball
1-0: Called Strike
1-1: Ball
2-1: Ground out 6-3 (Groundball, 6M)
Batting: RHB César Garza 0-0: Ball
1-0: DOUBLE (Flyball, 89XD)
Batting: LHB Bellchyor Lebrim 0-0: Ground out 5-3 (Groundball, 5)
Batting: RHB Louie McNeil 0-0: Called Strike
0-1: Ball
1-1: Ball
Passed Ball!
César Garza to third
2-1: Called Strike
2-2: SINGLE (Groundball, 6S)
César Garza scores
Batting: LHB Dudley Duncan 0-0: Called Strike
0-1: Ball
1-1: Swinging Strike
1-2: Strikes out looking
Top of the 6th over - 1 run(s), 2 hit(s), 0 error(s), 1 left on base; Balboa 9 - Gryfindor 5
BOTTOM OF THE 6TH
Gryfindor Braves batting - Pitching for Balboa Buccaneers : LHP Ed Arnold
Batting: RHB José Casarreal 0-0: Called Strike
0-1: Foul Ball, location: 2F
0-2: SINGLE (Flyball, 9S)
Batting: RHB Jim Unknown 0-0: Ball
1-0: Foul Ball, location: 2F
1-1: Ball
2-1: Ball
3-1: 2-RUN HOME RUN (Flyball, 7D), Distance : 373 ft
Pitching: RHP Christian Catron
Batting: RHB Jim Unknown 0-0: Called Strike
0-1: Foul Ball, location: 2F
0-2: Ball
1-2: Foul Ball, location: 2F
1-2: Ball
2-2: Ground out 2-3 (Groundball, 23)
Batting: LHB Jim Unknown 0-0: Ball
1-0: SINGLE (Groundball, 34D)
Batting: RHB Jim Unknown 0-0: Called Strike
0-1: Ball
1-1: SINGLE (Groundball, 3L)
Jim Unknown to second
Runner from 2nd tries for 3rd, SAFE, throw made to third
Batting: RHB Jim Unknown 0-0: Ball
1-0: Called Strike
1-1: Grounds into double play, 1-6-3 (Groundball, 13S)
Bottom of the 6th over - 2 run(s), 4 hit(s), 0 error(s), 1 left on base; Balboa 9 - Gryfindor 7
TOP OF THE 7TH
Balboa Buccaneers batting - Pitching for Gryfindor Braves : LHP Dusty Mueller
Batting: RHB Aaron Holder 0-0: Ball
1-0: Ball
2-0: Foul Ball, location: 2F
2-1: Fly out, F6 (Popup, 6M)
Batting: RHB Matt Nelson 0-0: Foul Ball, location: 2F
0-1: Fly out, F5 (Popup, 56)
Batting: RHB William Hull 0-0: SINGLE (Line Drive, 34D)
Batting: RHB Thomas Morris 0-0: Swinging Strike
0-1: Foul Ball, location: 2F
0-2: Ball
1-2: Foul Ball, location: 2F
1-2: Ground out 6-3 (Groundball, 6)
Top of the 7th over - 0 run(s), 1 hit(s), 0 error(s), 1 left on base; Balboa 9 - Gryfindor 7
BOTTOM OF THE 7TH
Gryfindor Braves batting - Pitching for Balboa Buccaneers : RHP Christian Catron
Batting: RHB Kyle Wilson 0-0: Ball
1-0: Ball
2-0: Called Strike
2-1: Foul Ball, location: 2F
2-2: Fly out, F9 (Flyball, 9M)
Batting: RHB Manuel González 0-0: Ground out 5-3 (Groundball, 5S)
Batting: LHB Jim Unknown 0-0: Ball
1-0: Ball
2-0: Ball
3-0: Called Strike
3-1: Foul Ball, location: 2F
3-2: Reached on Error, E8 (Flyball, 8LM)
Batting: RHB José Casarreal 0-0: Foul Ball, location: 2F
0-1: Foul Ball, location: 2F
0-2: Ball
1-2: Ball
2-2: Strikes out looking
Bottom of the 7th over - 0 run(s), 0 hit(s), 1 error(s), 1 left on base; Balboa 9 - Gryfindor 7
TOP OF THE 8TH
Balboa Buccaneers batting - Pitching for Gryfindor Braves : LHP Dusty Mueller
Pitching: RHP Joe Benítez
Batting: RHB Tom Tracy 0-0: Ball
1-0: Ground out 6-3 (Groundball, 6M)
Batting: RHB César Garza 0-0: Ball
1-0: Foul Ball, location: 2F
1-1: Ball
2-1: Called Strike
2-2: Strikes out looking
Batting: LHB Bellchyor Lebrim 0-0: Ball
1-0: Called Strike
1-1: Ball
2-1: Foul Ball, location: 2F
2-2: DOUBLE (Flyball, 9LD)
Batting: RHB Louie McNeil 0-0: Swinging Strike
0-1: Ball
1-1: Ball
2-1: Ball
3-1: Base on Balls
Batting: LHB Dudley Duncan 0-0: Foul Ball, location: 2F
0-1: Ball
1-1: Foul Ball, location: 2F
1-2: Ball
2-2: SINGLE (Groundball, 4MD)
Bellchyor Lebrim to third
Louie McNeil to second
Runner from 3rd tries for Home, SAFE, no throw or cutoff
Batting: RHB Aaron Holder 0-0: Ball
1-0: Ball
2-0: Ball
3-0: Base on Balls
Louie McNeil to third
Dudley Duncan to second
Batting: RHB Matt Nelson 0-0: Fly out, F2 (Popup, 2LF)
Top of the 8th over - 1 run(s), 2 hit(s), 0 error(s), 3 left on base; Balboa 10 - Gryfindor 7
BOTTOM OF THE 8TH
Gryfindor Braves batting - Pitching for Balboa Buccaneers : RHP Christian Catron
Pitching: RHP Tom Hernández
Batting: RHB Jim Unknown 0-0: Ball
1-0: Ball
2-0: Ball
3-0: Base on Balls
Pitching: RHP José Domingo
Batting: RHB Jim Unknown 0-0: Ball
1-0: Ball
2-0: Swinging Strike
2-1: Ball
3-1: Fly out, F8 (Flyball, 8RS)
Pitching: LHP Bill Howard
Batting: LHB Jim Unknown 0-0: Fly out, F5 (Popup, 5F)
Pitching: RHP Elvin Brooks
Batting: RHB Jim Unknown 0-0: Foul Ball, location: 2F
0-1: Foul Ball, location: 2F
0-2: Foul Ball, location: 2F
0-2: Ball
1-2: Fly out, F9 (Flyball, 9LS)
Bottom of the 8th over - 0 run(s), 0 hit(s), 0 error(s), 1 left on base; Balboa 10 - Gryfindor 7
TOP OF THE 9TH
Balboa Buccaneers batting - Pitching for Gryfindor Braves : RHP Joe Benítez
Batting: RHB William Hull 0-0: SINGLE (Line Drive, 9S)
Batting: RHB Thomas Morris 0-0: Ball
1-0: Swinging Strike
1-1: Swinging Strike
1-2: Foul Ball, location: 2F
1-2: Strikes out looking
William Hull steals 2nd base
Batter strikes out.
Batting: RHB Tom Tracy 0-0: Called Strike
0-1: Swinging Strike
0-2: Foul Ball, location: 2F
0-2: Ball
1-2: Strikes out swinging
Batting: RHB César Garza 0-0: Swinging Strike
0-1: Ball
1-1: Ball
2-1: Called Strike
2-2: Strikes out looking
Top of the 9th over - 0 run(s), 1 hit(s), 0 error(s), 1 left on base; Balboa 10 - Gryfindor 7
BOTTOM OF THE 9TH
Gryfindor Braves batting - Pitching for Balboa Buccaneers : RHP Elvin Brooks
Pitching: RHP Ed Day
Batting: RHB Jim Unknown 0-0: Ground out 5-3 (Groundball, 56)
Batting: RHB Kyle Wilson 0-0: Swinging Strike
0-1: Swinging Strike
0-2: Ball
1-2: Ball
2-2: SINGLE (Line Drive, 4)
Batting: RHB Manuel González 0-0: Foul Ball, location: 2F
0-1: DOUBLE (Line Drive, 8RS)
Kyle Wilson to third
Batting: LHB Jim Unknown 0-0: Ball
1-0: Ball
2-0: Ball
3-0: Called Strike
3-1: Base on Balls
Batting: RHB José Casarreal 0-0: Called Strike
0-1: DOUBLE (Flyball, 78M)
Kyle Wilson scores
Manuel González scores
Jim Unknown to third
Pitching: RHP Dan Pope
Batting: RHB Jim Unknown 0-0: Ball
1-0: Called Strike
1-1: Ground out U3 (Groundball, 3)
Pinch Hitting: RHB Jim Unknown 0-0: Ground out 4-3 (Groundball, 4)
Bottom of the 9th over - 2 run(s), 3 hit(s), 0 error(s), 2 left on base; Balboa 10 - Gryfindor 9
This league is powered by Out of the Park Baseball, the baseball management simulation game for PC, Mac and Linux
Saturday, February 27th, 2021 - OOTP Baseball 15.6 Build 34